3A
PUT-IN-BAY BC @ BELLEVILLE BULLS
05/01/2038
 
TOP OF THE 1ST
Put-In-Bay BC batting - Pitching for Belleville Bulls : RHP Luis Pantoja
Pitching: RHP Luis Pantoja
Batting: RHB Eduard Argelander 0-0: Fly out, F7 (Flyball, 7D, EV 96.9 MPH)
Batting: LHB Javier Castro 0-0: Ball
1-0: Called Strike
1-1: Ball
2-1: Fly out, F9 (Flyball, 9S, EV 90.6 MPH)
Batting: LHB Snow Wang 0-0: Ball
1-0: Foul Ball, location: 2F
1-1: Foul Ball, location: 2F
1-2: Ball
2-2: Strikes out looking
Top of the 1st over - 0 runs, 0 hits, 0 errors, 0 left on base; Put-In-Bay 0 - Belleville 0
BOTTOM OF THE 1ST
Belleville Bulls batting - Pitching for Put-In-Bay BC : LHP Zi-cheng Pei
Pitching: LHP Zi-cheng Pei
Batting: SHB Aristotle Auer 0-0: Ball
1-0: Called Strike
1-1: Ball
2-1: Foul Ball, location: 2F
2-2: Foul Ball, location: 2F
2-2: Ball
3-2: Base on Balls
Batting: RHB Hulama Yani 0-0: Ball
1-0: Swinging Strike
1-1: Ball
2-1: Fly out, F4 (Popup, 3, EV 64.4 MPH)
Batting: RHB Amor Campos 0-0: Called Strike
Aristotle Auer steals 2nd base (no throw)
0-1: Foul Ball, location: 2F
0-2: Foul Ball, location: 2F
0-2: Ball
1-2: Ball
2-2: Strikes out looking
Batting: RHB Imbart Baars 0-0: Called Strike
0-1: Ball
1-1: Fly out, F8 (Flyball, 78D, EV 106.2 MPH)
Bottom of the 1st over - 0 runs, 0 hits, 0 errors, 1 left on base; Put-In-Bay 0 - Belleville 0
TOP OF THE 2ND
Put-In-Bay BC batting - Pitching for Belleville Bulls : RHP Luis Pantoja
Batting: SHB 聲gel Garc燰 0-0: DOUBLE (Line Drive, 89M, EV 109.4 MPH)
Batting: LHB Wyatt Quick 0-0: Called Strike
0-1: Called Strike
0-2: Strikes out looking
Batting: RHB Tom Hendrickson 0-0: Ball
1-0: Foul Ball, location: 2F
1-1: DOUBLE (Line Drive, 3D, EV 105.6 MPH)
聲gel Garc燰 scores
Batting: RHB Martin Payton 0-0: Swinging Strike
0-1: Fly out, F8 (Flyball, 8RXD, EV 90.6 MPH)
Runner from 2nd tags up, SAFE at 3rd, no throw by CF
Batting: RHB Kent Potter 0-0: Fly out, F7 (Flyball, 78XD, EV 101.9 MPH)
Top of the 2nd over - 1 run, 2 hits, 0 errors, 1 left on base; Put-In-Bay 1 - Belleville 0
BOTTOM OF THE 2ND
Belleville Bulls batting - Pitching for Put-In-Bay BC : LHP Zi-cheng Pei
Batting: LHB Jason Powell 0-0: Ground out 6-3 (Groundball, 6S, EV 86.2 MPH)
Batting: RHB Rich Lucas 0-0: Foul Ball, location: 2F
0-1: Ground out U3 (Groundball, 34, EV 80.0 MPH)
Batting: RHB Dylan Oram 0-0: Ball
1-0: Called Strike
1-1: Ground out 6-3 (Groundball, 6M, EV 79.4 MPH)
Bottom of the 2nd over - 0 runs, 0 hits, 0 errors, 0 left on base; Put-In-Bay 1 - Belleville 0
TOP OF THE 3RD
Put-In-Bay BC batting - Pitching for Belleville Bulls : RHP Luis Pantoja
Batting: RHB Victor Haley 0-0: Swinging Strike
0-1: Ball
1-1: Ball
2-1: Fly out, F2 (Popup, 23F, EV 83.1 MPH)
Batting: RHB Eduard Argelander 0-0: Ball
1-0: Ball
2-0: Ball
3-0: Called Strike
3-1: Called Strike
3-2: Ground out 5-3 (Groundball, 56, EV 88.1 MPH)
Batting: LHB Javier Castro 0-0: Called Strike
0-1: Swinging Strike
0-2: Strikes out looking
Top of the 3rd over - 0 runs, 0 hits, 0 errors, 0 left on base; Put-In-Bay 1 - Belleville 0
BOTTOM OF THE 3RD
Belleville Bulls batting - Pitching for Put-In-Bay BC : LHP Zi-cheng Pei
Batting: LHB Travis Ladd 0-0: Ball
1-0: Ball
2-0: Called Strike
2-1: Called Strike
2-2: Ball
3-2: Ground out 4-3 (Groundball, 4, EV 104.4 MPH)
Batting: RHB Conan Porter 0-0: Ground out 5-3 (Groundball, 56, EV 93.1 MPH)
Batting: SHB Aristotle Auer 0-0: SINGLE (Line Drive, 8RS, EV 100.0 MPH)
Batting: RHB Hulama Yani 0-0: Ball
Aristotle Auer steals 2nd base
1-0: Ground out 5-3 (Groundball, 5, EV 88.8 MPH)
Bottom of the 3rd over - 0 runs, 1 hit, 0 errors, 1 left on base; Put-In-Bay 1 - Belleville 0
TOP OF THE 4TH
Put-In-Bay BC batting - Pitching for Belleville Bulls : RHP Luis Pantoja
Batting: LHB Snow Wang 0-0: Ball
1-0: Called Strike
1-1: Fly out, F5 (Popup, 5F, EV 65.6 MPH)
Batting: SHB 聲gel Garc燰 0-0: DOUBLE (Line Drive, 78D, EV 106.2 MPH)
Batting: LHB Wyatt Quick 0-0: Called Strike
0-1: Swinging Strike
0-2: Foul Ball, location: 2F
0-2: Foul Ball, location: 2F
0-2: Strikes out swinging
Batting: RHB Tom Hendrickson Pickoff Throw to Second - Out!
Top of the 4th over - 0 runs, 1 hit, 0 errors, 0 left on base; Put-In-Bay 1 - Belleville 0
BOTTOM OF THE 4TH
Belleville Bulls batting - Pitching for Put-In-Bay BC : LHP Zi-cheng Pei
Batting: RHB Amor Campos 0-0: Called Strike
0-1: Swinging Strike
0-2: Ball
1-2: Foul Ball, location: 2F
1-2: Strikes out swinging, 2-3 out at first.
Batting: RHB Imbart Baars 0-0: Ball
1-0: Called Strike
1-1: Swinging Strike
1-2: Ball
2-2: Strikes out swinging
Batting: LHB Jason Powell 0-0: Ball
1-0: SOLO HOME RUN (Flyball, 9D, EV 100.0 MPH), Distance : 361 ft
Batting: RHB Rich Lucas 0-0: DOUBLE (Flyball, 89XD, EV 94.4 MPH)
Batting: RHB Dylan Oram 0-0: SINGLE (Groundball, 6MD, EV 97.5 MPH)
Rich Lucas to third
Runner from 3rd tries for Home, SAFE, throw by CF to home
Dylan Oram to second
Batting: LHB Travis Ladd 0-0: Ball
1-0: Foul Ball, location: 2F
1-1: Foul Ball, location: 2F
1-2: Foul Ball, location: 2F
1-2: Foul Ball, location: 2F
1-2: Ground out U3 (Groundball, 3, EV 83.1 MPH)
Bottom of the 4th over - 2 runs, 3 hits, 0 errors, 1 left on base; Put-In-Bay 1 - Belleville 2
TOP OF THE 5TH
Put-In-Bay BC batting - Pitching for Belleville Bulls : RHP Luis Pantoja
Batting: RHB Tom Hendrickson 0-0: Fly out, F8 (Line Drive, 8RD, EV 86.9 MPH)
Batting: RHB Martin Payton 0-0: Ball
1-0: Ball
2-0: Swinging Strike
2-1: Ball
3-1: Foul Ball, location: 2F
3-2: Foul Ball, location: 2F
3-2: Strikes out swinging
Batting: RHB Kent Potter 0-0: DOUBLE (Line Drive, 9LM, EV 90.6 MPH)
Batting: RHB Victor Haley 0-0: Ball
1-0: Ball
2-0: Called Strike
2-1: Ball
3-1: Foul Ball, location: 2F
3-2: Fly out, F9 (Flyball, 9LS, EV 86.9 MPH)
Top of the 5th over - 0 runs, 1 hit, 0 errors, 1 left on base; Put-In-Bay 1 - Belleville 2
BOTTOM OF THE 5TH
Belleville Bulls batting - Pitching for Put-In-Bay BC : LHP Zi-cheng Pei
Batting: RHB Conan Porter 0-0: Foul Ball, location: 2F
0-1: Foul Ball, location: 2F
0-2: Strikes out looking
Batting: SHB Aristotle Auer 0-0: Called Strike
0-1: Foul Ball, location: 2F
0-2: Fly out, F9 (Flyball, 89M, EV 94.4 MPH)
Batting: RHB Hulama Yani 0-0: Foul Ball, location: 2F
0-1: Ball
1-1: Ball
2-1: Ball
3-1: Foul Ball, location: 2F
3-2: Base on Balls
Batting: RHB Amor Campos 0-0: Ball
1-0: Called Strike
1-1: Ball
2-1: Ball
3-1: Swinging Strike
3-2: Strikes out looking
Bottom of the 5th over - 0 runs, 0 hits, 0 errors, 1 left on base; Put-In-Bay 1 - Belleville 2
TOP OF THE 6TH
Put-In-Bay BC batting - Pitching for Belleville Bulls : RHP Luis Pantoja
Batting: RHB Eduard Argelander 0-0: Called Strike
0-1: Swinging Strike
0-2: Ball
1-2: Ball
2-2: Ball
3-2: SINGLE (Groundball, 6MD, EV 106.2 MPH)
Batting: LHB Javier Castro 0-0: Ball
1-0: Sac Bunt to 15S - play at first, batter OUT! 1-4
Eduard Argelander to second
Batting: LHB Snow Wang 0-0: Ball
1-0: Called Strike
1-1: Ball
2-1: Foul Ball, location: 2F
2-2: Fly out, F9 (Flyball, 9, EV 90.6 MPH)
Batting: SHB 聲gel Garc燰 0-0: Ball
1-0: Foul Ball, location: 2F
1-1: Foul Ball, location: 2F
1-2: Fly out, F8 (Flyball, 8LD, EV 105.6 MPH)
Top of the 6th over - 0 runs, 1 hit, 0 errors, 1 left on base; Put-In-Bay 1 - Belleville 2
BOTTOM OF THE 6TH
Belleville Bulls batting - Pitching for Put-In-Bay BC : LHP Zi-cheng Pei
Batting: RHB Imbart Baars 0-0: Ball
1-0: Called Strike
1-1: Fly out, F8 (Line Drive, 8RD, EV 96.9 MPH)
Batting: LHB Jason Powell 0-0: Called Strike
0-1: Ball
1-1: Called Strike
1-2: SINGLE (Groundball, 34D, EV 106.2 MPH)
Pitching: LHP Shan-bo Kang
Batting: RHB Rich Lucas 0-0: Called Strike
0-1: Ball
1-1: Ball
2-1: Foul Ball, location: 2F
2-2: Foul Ball, location: 2F
2-2: Ball
3-2: Fielders Choice at 2nd, 4-6 (Groundball, 34, EV 107.5 MPH)
Batting: RHB Dylan Oram 0-0: Ball
1-0: SINGLE (Line Drive, 78M, EV 99.4 MPH)
Rich Lucas to second
Batting: LHB Travis Ladd 0-0: Swinging Strike
0-1: Called Strike
0-2: Foul Ball, location: 2F
0-2: Foul Ball, location: 2F
0-2: Strikes out swinging
Bottom of the 6th over - 0 runs, 2 hits, 0 errors, 2 left on base; Put-In-Bay 1 - Belleville 2
TOP OF THE 7TH
Put-In-Bay BC batting - Pitching for Belleville Bulls : RHP Luis Pantoja
Now at 1B: Josh Iriarte
Batting: LHB Wyatt Quick 0-0: Called Strike
0-1: Ball
1-1: Called Strike
1-2: Ground out U3 (Groundball, 3, EV 102.5 MPH)
Batting: RHB Tom Hendrickson 0-0: Called Strike
0-1: Ball
1-1: Fly out, F8 (Line Drive, 8RM, EV 91.2 MPH)
Batting: RHB Martin Payton 0-0: Foul Ball, location: 2F
0-1: Ball
1-1: Fly out, F7 (Flyball, 78S, EV 90.6 MPH)
Top of the 7th over - 0 runs, 0 hits, 0 errors, 0 left on base; Put-In-Bay 1 - Belleville 2
BOTTOM OF THE 7TH
Belleville Bulls batting - Pitching for Put-In-Bay BC : LHP Shan-bo Kang
Batting: RHB Conan Porter 0-0: Called Strike
0-1: Ball
1-1: Fly out, F8 (Flyball, 89D, EV 89.4 MPH)
Batting: SHB Aristotle Auer 0-0: Ball
1-0: Ball
2-0: Ball
3-0: Base on Balls
Batting: RHB Hulama Yani Pickoff Throw to First - Error! E1
Aristotle Auer to second
0-0: Ground out U3 (Groundball, 3S, EV 75.0 MPH)
Aristotle Auer to third
Batting: RHB Amor Campos 0-0: Ball
1-0: Ball
2-0: Ball
3-0: Base on Balls
Batting: RHB Josh Iriarte 0-0: Called Strike
0-1: Ball
1-1: Swinging Strike
1-2: Ball
2-2: Ball
3-2: Ground out 6-3 (Groundball, 6, EV 90.6 MPH)
Bottom of the 7th over - 0 runs, 0 hits, 1 error, 2 left on base; Put-In-Bay 1 - Belleville 2
TOP OF THE 8TH
Put-In-Bay BC batting - Pitching for Belleville Bulls : RHP Luis Pantoja
Now in CF: Han Spoelstra
Batting: RHB Kent Potter 0-0: Ground out 6-3 (Groundball, 6, EV 76.9 MPH)
Batting: RHB Victor Haley 0-0: Called Strike
0-1: Ball
1-1: Ball
2-1: Foul Ball, location: 2F
2-2: Foul Ball, location: 2F
2-2: Foul Ball, location: 2F
2-2: Ball
3-2: Strikes out looking
Batting: RHB Eduard Argelander 0-0: Called Strike
0-1: Foul Ball, location: 2F
0-2: Ball
1-2: Ball
2-2: Ball
3-2: Foul Ball, location: 2F
3-2: Strikes out looking
Top of the 8th over - 0 runs, 0 hits, 0 errors, 0 left on base; Put-In-Bay 1 - Belleville 2
BOTTOM OF THE 8TH
Belleville Bulls batting - Pitching for Put-In-Bay BC : LHP Shan-bo Kang
Batting: LHB Jason Powell 0-0: Ball
1-0: Ball
2-0: Called Strike
2-1: Ball
3-1: Foul Ball, location: 2F
3-2: Strikes out swinging
Batting: RHB Rich Lucas 0-0: Foul Ball, location: 2F
0-1: Ball
1-1: Ball
2-1: Ball
3-1: Foul Ball, location: 2F
3-2: Base on Balls
Pitching: RHP Dennis van Putten
Batting: RHB Dylan Oram 0-0: Foul Ball, location: 2F
0-1: Called Strike
Rich Lucas is caught stealing 2nd base 2-4
0-2: Foul Ball, location: 2F
0-2: Ball
1-2: Ball
2-2: Ball
3-2: Base on Balls
Batting: LHB Travis Ladd 0-0: Called Strike
0-1: Swinging Strike
0-2: Ground out 4-3 (Groundball, 34, EV 98.1 MPH)
Bottom of the 8th over - 0 runs, 0 hits, 0 errors, 1 left on base; Put-In-Bay 1 - Belleville 2
TOP OF THE 9TH
Put-In-Bay BC batting - Pitching for Belleville Bulls : RHP Luis Pantoja
Pitching: RHP Bobby Martin
Batting: LHB Javier Castro 0-0: Called Strike
0-1: Ball
1-1: Ball
2-1: Foul Ball, location: 2F
2-2: Strikes out swinging
Batting: LHB Snow Wang 0-0: SINGLE (Line Drive, 6MD, EV 102.5 MPH)
Batting: SHB 聲gel Garc燰 0-0: Called Strike
0-1: Ball
1-1: SINGLE (Line Drive, 7S, EV 108.8 MPH)
Snow Wang to second
Runner from 2nd tries for 3rd, SAFE, throw by LF made to third
Batting: LHB Wyatt Quick 0-0: SINGLE (Groundball, 5, EV 80.0 MPH) (infield hit)
Snow Wang scores
聲gel Garc燰 to second
Pinch Runner at 2nd Joseph Wallace:
Pinch Hitting: LHB Eric Manchester 0-0: TRIPLE (Line Drive, 89XD, EV 99.4 MPH)
Joseph Wallace scores
Wyatt Quick scores
Batting: RHB Martin Payton 0-0: Called Strike
0-1: Foul Ball, location: 2F
0-2: Ball
1-2: Ball
Wild Pitch!
Eric Manchester scores
2-2: Foul Ball, location: 2F
2-2: Fly out, F8 (Flyball, 89M, EV 78.1 MPH)
Batting: RHB Kent Potter 0-0: Called Strike
0-1: Foul Ball, location: 2F
0-2: Strikes out swinging
Top of the 9th over - 4 runs, 4 hits, 0 errors, 0 left on base; Put-In-Bay 5 - Belleville 2
BOTTOM OF THE 9TH
Belleville Bulls batting - Pitching for Put-In-Bay BC : RHP Dennis van Putten
Pitching: RHP Adam Durango
Now at 2B: Arnie Ford
Batting: RHB Conan Porter 0-0: Ball
1-0: Ball
2-0: Foul Ball, location: 2F
2-1: Ball
3-1: Base on Balls
Batting: SHB Aristotle Auer 0-0: Ball
1-0: Ball
2-0: Ball
3-0: Called Strike
3-1: Swinging Strike
3-2: Foul Ball, location: 2F
3-2: Base on Balls
Conan Porter to second
Batting: RHB Hulama Yani 0-0: SINGLE (Groundball, 4MD, EV 110.0 MPH)
Conan Porter to third
Aristotle Auer to second
Pinch Hitting: RHB Spencer Wiggins 0-0: Ball
1-0: Swinging Strike
1-1: Called Strike
1-2: Strikes out looking
Batting: RHB Josh Iriarte 0-0: Foul Ball, location: 2F
0-1: Fly out, F8 (Flyball, 8LM, EV 97.5 MPH)
Batting: LHB Jason Powell 0-0: Ball
1-0: Called Strike
1-1: DOUBLE (Line Drive, 9LS, EV 106.9 MPH)
Conan Porter scores
Aristotle Auer scores
Hulama Yani to third
Runner from 3rd tries for Home, SAFE, no throw by RF
Batting: RHB Rich Lucas 0-0: Swinging Strike
0-1: Swinging Strike
0-2: Ball
1-2: Ground out 5-3 (Groundball, 5L, EV 105.0 MPH)
Bottom of the 9th over - 3 runs, 2 hits, 0 errors, 1 left on base; Put-In-Bay 5 - Belleville 5
TOP OF THE 10TH
Put-In-Bay BC batting - Pitching for Belleville Bulls : RHP Bobby Martin
Pitching: LHP Mike Johnson
Now at 3B: Spencer Wiggins
Batting: RHB Victor Haley 0-0: Foul Ball, location: 2F
0-1: Ball
1-1: Foul Ball, location: 2F
1-2: Ball
2-2: Foul Ball, location: 2F
2-2: Fly out, F9 (Flyball, 9S, EV 87.5 MPH)
Batting: RHB Eduard Argelander 0-0: Ball
1-0: Called Strike
1-1: Swinging Strike
1-2: Strikes out looking
Batting: LHB Javier Castro 0-0: Ball
1-0: DOUBLE (Line Drive, 5D, EV 98.8 MPH)
Batting: LHB Snow Wang 0-0: Intentional Walk
Batting: LHB Joseph Wallace 0-0: Ball
1-0: Ball
2-0: Foul Ball, location: 2F
2-1: Fly out, F8 (Flyball, 8RD, EV 82.5 MPH)
Top of the 10th over - 0 runs, 1 hit, 0 errors, 2 left on base; Put-In-Bay 5 - Belleville 5
BOTTOM OF THE 10TH
Belleville Bulls batting - Pitching for Put-In-Bay BC : RHP Adam Durango
Pitching: RHP Jerry Cherry
Batting: RHB Dylan Oram 0-0: Called Strike
0-1: Ball
1-1: Called Strike
1-2: Ground out 5-3 (Groundball, 56S, EV 67.5 MPH)
Batting: LHB Travis Ladd 0-0: Ball
1-0: Called Strike
1-1: Ball
2-1: Called Strike
2-2: Strikes out swinging
Pinch Hitting: RHB Sean Urien 0-0: Foul Ball, location: 2F
0-1: Foul Ball, location: 2F
0-2: Ball
1-2: Strikes out looking
Bottom of the 10th over - 0 runs, 0 hits, 0 errors, 0 left on base; Put-In-Bay 5 - Belleville 5
TOP OF THE 11TH
Put-In-Bay BC batting - Pitching for Belleville Bulls : LHP Mike Johnson
Now at C: Sean Urien
Pinch Hitting: RHB Chris Thompson 0-0: Ball
1-0: Ball
2-0: Called Strike
2-1: Foul Ball, location: 2F
2-2: Foul Ball, location: 2F
2-2: SINGLE (Line Drive, 34D, EV 110.0 MPH)
Batting: LHB Arnie Ford 0-0: Sac Bunt to 2L - play at second, runner OUT! 2-6
Batting: RHB Martin Payton 0-0: Ball
1-0: Ball
2-0: Ball
3-0: Called Strike
3-1: Base on Balls
Arnie Ford to second
Batting: RHB Kent Potter 0-0: Called Strike
0-1: Ball
1-1: Foul Ball, location: 2F
1-2: SINGLE (Groundball, 56D, EV 98.1 MPH)
Arnie Ford to third
Martin Payton to second
Pitching: RHP Li-zhu Koo
Pinch Hitting: LHB Sergio Mor嫕 0-0: Ball
1-0: Ball
2-0: Called Strike
2-1: Ball
3-1: Base on Balls
Arnie Ford scores
Martin Payton to third
Kent Potter to second
Batting: RHB Eduard Argelander 0-0: Ball
Passed Ball!
Martin Payton scores
Kent Potter to third
Sergio Mor嫕 to second
1-0: Ball
2-0: Ball
3-0: Called Strike
3-1: Ground out 4-3 (Groundball, 4MD, EV 82.5 MPH)
Kent Potter scores
Sergio Mor嫕 to third
Batting: LHB Javier Castro 0-0: Ball
1-0: Ball
2-0: Called Strike
2-1: Ground out U3 (Groundball, 3L, EV 104.4 MPH)
Top of the 11th over - 3 runs, 2 hits, 0 errors, 1 left on base; Put-In-Bay 8 - Belleville 5
BOTTOM OF THE 11TH
Belleville Bulls batting - Pitching for Put-In-Bay BC : RHP Jerry Cherry
Now at 1B: Kiril Neuvel
Now in LF: Blake Camden
Batting: SHB Aristotle Auer 0-0: Called Strike
0-1: Ball
1-1: Ground out U3 (Groundball, 3D, EV 101.9 MPH)
Batting: RHB Hulama Yani 0-0: Called Strike
0-1: Called Strike
0-2: Ball
1-2: Foul Ball, location: 2F
1-2: Foul Ball, location: 2F
1-2: Strikes out looking
Batting: RHB Spencer Wiggins 0-0: Foul Ball, location: 2F
0-1: Ground out 4-3 (Groundball, 4S, EV 78.8 MPH)
Bottom of the 11th over - 0 runs, 0 hits, 0 errors, 0 left on base; Put-In-Bay 8 - Belleville 5
Friday, April 17th, 2020 - OOTP Baseball 20.8 Build 74